 Dungeon Crawl Stone Soup version 0.30-b1-2-g02819fbbbe (webtiles) character file.

Game seed: 6878673355734999777

70 MajorAdolf the Chopper (level 4, -2/38 HPs)
             Began as a Naga Wanderer on Aug 30, 2023.
             Slain by a gnoll
             ... wielding a +0 halberd
              (8 damage)
             ... on level 2 of the Dungeon.
             The game lasted 00:02:26 (1473 turns).

MajorAdolf the Chopper (Naga Wanderer)              Turns: 1473, Time: 00:02:26

Health: -2/38      AC:  2    Str: 13    XL:     4   Next: 22%
Magic:  1/4        EV:  9    Int: 11    God:
Gold:   119        SH:  0    Dex: 15    Spells: 0/3 levels left

rFire   . . .        a - +0 war axe
rCold   . . .        (no shield)
rNeg    + . .        (no body armour)
rPois   +            c - +0 helmet
rElec   .            (no cloak)
rCorr   .            (no gloves)
SInv    +            (no barding)
Will    .....        (no amulet)
Stlth   +++          k - ring of wizardry
HPRegen 0.26/turn    l - ring of positive energy
MPRegen 0.09/turn

%: wizardry (x1)
@: short of breath, very slightly contaminated, very slow
A: AC +1, large, see invisible, deformed body, poison resistance, slowness 2,
spit poison 1, naga tail 1
a: Spit Poison


You were on level 2 of the Dungeon.
You visited 1 branch of the dungeon, and saw 2 of its levels.

You collected 119 gold pieces.

Inventory:

Hand Weapons
 a - a +0 war axe (weapon)
 b - a +0 falchion
Armour
 c - a +0 helmet (worn)
Jewellery
 k - a ring of wizardry (left hand)
 l - a ring of positive energy (right hand)
Scrolls
 e - a scroll of amnesia {unknown}
 f - 3 scrolls of fog {unknown}
 i - a scroll of identify {unknown}
 j - a scroll of noise {unknown}
 p - a scroll of poison {unknown}
Potions
 d - 2 potions of haste
 g - a potion of flight {unknown}
 h - a potion of lignification {unknown}
 m - a potion of curing
 n - a potion of mutation {unknown}
 o - a potion of heal wounds {unknown}


   Skills:
 - Level 1.0 Fighting
 - Level 1.0 Long Blades
 + Level 5.6 Axes
 - Level 1.0 Armour
 - Level 4.4 Stealth
 + Level 0.0 Ice Magic


You couldn't memorise any spells.
You knew the following spells:

 Your Spells              Type           Power      Damage    Failure   Level
a - Ozocubu's Armour      Ice            0%         N/A       38%         3

Your spell library contained the following spells:

 Spells                   Type           Power      Damage    Failure   Level
 Sandblast                Erth           0%         2d4       14%         1
 Blink                    Tloc           0%         N/A       21%         2
 Lesser Beckoning         Tloc           0%         N/A       21%         2
 Momentum Strike          Conj/Tloc      0%         3d8       21%         2
 Passwall                 Tmut/Erth      0%         N/A       21%         2
 Stone Arrow              Conj/Erth      0%         3d7       38%         3
 Metabolic Englaciation   Hex/Ice        0%         N/A       98%         5
 Simulacrum               Ice/Necr       0%         N/A       100%        6


Dungeon Overview and Level Annotations

Branches:
Dungeon (2/15)

Altars:
Okawaru


Innate Abilities, Weirdness & Mutations

Your serpentine skin is tough. (AC +1)
You have supernaturally acute eyesight. (SInv)
Armour fits poorly on your strangely shaped body.
Your system is resistant to poisons. (rPois)
You cover ground very slowly.
You can spit poison.
You have a snake-like lower body.


Message History

A gnoll is nearby!
A gnoll is nearby!
You can't see any hostile targets in range.
You can't see any hostile targets in range.
Aiming: Spit Poison (1% risk of failure)
Press: ? - help, Shift-Dir - straight line, f - you That beam is likely to hit you.
Continue anyway?
Okay, then.
You start waiting.
Done waiting.
You start waiting.
A gnoll is nearby!
Aiming: Spit Poison (1% risk of failure)
Press: ? - help, Shift-Dir - straight line, f - gnoll
Aim: a gnoll, wielding a +0 halberd (wandering, hasn't noticed you, 65% to hit)
The splash of poison hits the gnoll!
The gnoll is poisoned.
The gnoll is severely wounded.
The gnoll shouts!
The gnoll drinks a potion.
The gnoll is healed!
The gnoll looks more healthy.
Casting: Ozocubu's Armour (quite dangerous; 38% risk of failure)
Confirm with . or Enter, or press ? or * to list all spells.
The spell is quite dangerous to miscast (38% risk of failure)!
Continue anyway?
You miscast Ozocubu's Armour.
You are very lightly contaminated with residual magic.
Nothing appears to happen.
The gnoll hits you with a +0 halberd!
Unknown command.
Unknown command.
You hit the gnoll.
The gnoll is heavily wounded.
The gnoll hits you with a +0 halberd!
* * * LOW HITPOINT WARNING * * *
The gnoll hits you with a +0 halberd.
* * * LOW HITPOINT WARNING * * *
You can't do that yet.
You can't do that yet.
Unknown command.
You hit the gnoll but do no damage.
The gnoll is heavily wounded.
The gnoll hits you with a +0 halberd!
You die...

####
##.#'####.#........#.#....
.....
#.........#........#.#....
......
#.........#........#.#.#.#
...... #.........#.######## #
#.# ......
#.........#.########.# #
.......######....#..........#
. .......#
######.####..####### #
.......# #....#.# #..# .....
.......####.##.#@# #..##.....
..........#.##.#g####.........
..........#.##.#..............
..........#.##)#######.g.....#
..........#.##.# #.g......#
..........#.##)# #........#
..........#.##.######.#####.##
..........#'##........# .#
...........)...).[##### #


You could see a gnoll.

Vanquished Creatures
  4 gnolls (D:2)
  A dart slug (D:2)
  2 ball pythons
  4 endoplasms
  A giant cockroach (D:1)
  4 goblins
  A hobgoblin (D:2)
  4 kobolds (D:2)
  2 quokkas
  3 bats
  A frilled lizard (D:1)
  A rat (D:1)
28 creatures vanquished.

Notes
Turn   | Place    | Note
-------+----------+-------------------------------------------
     0 | D:1      | MajorAdolf the Naga Wanderer began the quest for the Orb.
     0 | D:1      | MajorAdolf set off with the following items: a +0 war axe,
                  | a +0 falchion, a +0 helmet, a potion of haste, a +0 leather
                  | armour.
     0 | D:1      | Reached XP level 1. HP: 18/18 MP: 1/1
   263 | D:1      | Reached XP level 2. HP: 20/25 MP: 2/2
   419 | D:1      | Found a faded altar of an unknown god.
   619 | D:2      | Found an iron altar of Okawaru.
   668 | D:2      | Reached XP level 3. HP: 28/31 MP: 3/3
   743 | D:2      | Reached skill level 5 in Axes
  1116 | D:2      | Reached XP level 4. HP: 25/38 MP: 4/4
  1180 | D:2      | Learned a level 3 spell: Ozocubu's Armour
  1473 | D:2      | Slain by a gnoll

Illustrated notes

Levels and vault maps discovered:
D:1:      psy_arrival_radial01, layout_rooms, dilly_ecumenical_altar_fadedgnrine
D:2:      layout_basic, basic_altar

Skill      XL: |  1  2  3 |
---------------+----------+-----
Axes           | 5 |  5.6
Fighting       | |  1.0
Long Blades    | |  1.0
Armour         | |  1.0
Stealth        | |  4.4

Action                     |  1- 3 |  4- 6 || total
---------------------------+-------+-------++-------
  Melee: War axe           |    52 |    11 ||    63
Ability: Spit Poison       |    11 |     3 ||    14
   Stab: Sleeping          |     1 |       ||     1
 Armour: Leather armour    |    40 |     2 ||    42
  Dodge: Dodged            |    27 |     2 ||    29
